Map: Deathaura LE

Players

Minatoeh (Minato)

  • Race: Zerg Zerg
  • League: Grandmaster
  • Spawn Location: 5:00

wake - Winner!

  • Race: Terran Terran
  • League: Grandmaster
  • Spawn Location: 11:00

VOD

Have the link to the VOD?

Description

Time

  • Played on: Nov. 6, 2020, 8:11 a.m.
  • Length: 8:41
Show
View Real Time Build Order
Export as new Build Order

Minatoeh Zerg 

Build Orders: Hatch First, Muta Ling Bane 

Get SALT Encoding   

  12  0:00  Drone  
  13  0:12  Overlord  
  13  0:16  Drone  
  14  0:30  Drone x2  
  16  0:48  Hatchery  
  15  0:50  Drone  
  15  0:54  Drone  
  17  0:57  Drone  
  18  1:09  Extractor  
  17  1:13  Spawning Pool  
  17  1:16  Drone  
  17  1:19  Drone  
  18  1:27  Drone  
  19  1:41  Drone  
  20  1:51  Overlord  
  20  1:59  Queen x2  
  20  2:00  Zergling x4  
  26  2:10  Drone  
  26  2:11  Drone  
  28  2:22  Hatchery  
  27  2:24  Drone  
  27  2:29  Drone  
  29  2:32  Drone x2  
  31  2:41  Queen  
  33  2:44  Metabolic Boost  
  33  2:49  Drone x2  
  35  2:55  Drone  
  35  2:56  Overlord  
  36  3:13  Queen  
  36  3:14  Drone  
  36  3:15  Drone x5  
  44  3:25  Overlord  
  44  3:28  Overlord  
  44  3:33  Queen  
  46  3:36  Queen  
  46  3:38  Drone  
  50  3:41  Zergling x2  
  50  3:46  Zergling x2  
  50  3:47  Zergling x4  
  53  3:50  Zergling x8  
  53  3:53  Queen  
  59  4:00  Overlord  
  59  4:10  Lair  
  59  4:16  Overlord  
  59  4:17  Overlord  
  59  4:20  Drone x5  
  59  4:23  Drone x2  
  66  4:37  Extractor  
  65  4:39  Drone x7  
  65  4:42  Extractor  
  65  4:43  Drone x4, Extractor  
  65  4:45  Baneling Nest  
  73  4:50  Drone x2  
  75  4:55  Drone x3  
  75  4:58  Drone  
  75  4:59  Extractor  
  78  5:00  Extractor  
  78  5:04  Overlord  
  78  5:05  Overlord  
  78  5:06  Drone x3  
  80  5:11  Spire  
  79  5:18  Drone  
  79  5:19  Drone x2  
  82  5:25  Drone x7  
  89  5:29  Centrifical Hooks  
  89  5:30  Baneling x3  
  89  5:31  Baneling x2  
  89  5:42  Zergling x2  
  90  5:43  Zergling x6  
  90  5:50  Zergling x20  
  90  5:51  Zergling x2  
  71  6:13  Drone x6  
  71  6:16  Drone x2  
  71  6:17  Drone x2  
  81  6:24  Mutalisk x2  
  85  6:27  Mutalisk x5  
  85  6:30  Mutalisk  
  97  6:36  Zerg Flyer Weapons Level 1  
  97  6:43  Hatchery  
  97  6:44  Baneling x3  
  97  6:45  Baneling x2  
  97  6:47  Baneling  
  98  6:54  Drone x2  
  98  6:56  Overlord  
  98  6:57  Overlord  
  98  7:12  Evolution Chamber x2  
  96  7:21  Mutalisk x2  
  96  7:22  Mutalisk x2  
  104  7:25  Mutalisk  
  104  7:26  Mutalisk  
  104  7:29  Drone x6  
  114  7:31  Overlord x2  
  112  7:49  Baneling x2, Hatchery  
  111  7:52  Drone x4  
  115  7:59  Drone x6  
  115  8:05  Baneling x6  
  121  8:06  Baneling x3  
  121  8:09  Baneling x5  
  121  8:12  Zergling x6  
  124  8:13  Zergling x2  
  124  8:14  Zergling x2  
  124  8:15  Zergling x2  
  124  8:17  Zergling x2  
Show
View Real Time Build Order
Export as new Build Order

wake Terran - Winner!

Build Orders: 2 Factory, Hellion Opening, Reaper Expand 

Get SALT Encoding   

  12  0:00  SCV  
  13  0:12  SCV  
  14  0:16  Supply Depot  
  14  0:24  SCV  
  15  0:38  SCV  
  15  0:39  Barracks  
  16  0:42  Refinery  
  16  0:50  SCV  
  17  1:02  SCV  
  18  1:14  SCV  
  19  1:26  Orbital Command, Reaper  
  20  1:39  Command Center  
  20  1:46  Supply Depot  
  20  1:52  SCV  
  21  1:58  Marine  
  22  2:04  SCV  
  23  2:09  Factory  
  23  2:17  SCV  
  23  2:19  Barracks Reactor  
  24  2:29  SCV  
  25  2:41  SCV  
  25  2:43  Command Center  
  26  2:51  Orbital Command  
  26  2:53  SCV  
  27  3:01  Hellion x2  
  27  3:05  SCV  
  32  3:11  Factory  
  32  3:16  SCV  
  32  3:17  SCV  
  34  3:24  Hellion x2  
  38  3:29  SCV x2  
  38  3:31  Refinery  
  40  3:35  Marine  
  40  3:41  SCV x2  
  42  3:45  Hellion  
  45  3:53  SCV  
  45  3:54  Barracks Tech Lab, Hellion, Orbital Command  
  45  3:55  SCV  
  49  3:57  Factory Tech Lab  
  49  4:04  Supply Depot  
  49  4:05  SCV  
  49  4:07  SCV  
  49  4:08  Hellion  
  53  4:16  Hellion, Infernal Pre-Igniter  
  57  4:17  Hellion, SCV  
  57  4:20  SCV x2  
  60  4:24  Marine  
  60  4:25  Stimpack  
  60  4:26  Supply Depot  
  60  4:29  SCV  
  60  4:30  Hellion  
  64  4:33  SCV x2  
  64  4:37  Hellion  
  68  4:41  SCV  
  69  4:46  Supply Depot  
  69  4:48  Hellion, SCV x2  
  69  4:49  Marine  
  74  4:55  Hellion, Barracks  
  74  4:56  Barracks, SCV  
  77  5:06  Supply Depot  
  77  5:07  Marine  
  77  5:08  Hellion, SCV x2  
  77  5:10  Hellion  
  77  5:11  Orbital Command  
  84  5:15  Starport  
  84  5:20  SCV, Engineering Bay  
  84  5:21  Engineering Bay  
  85  5:27  SCV, Marine  
  89  5:29  Refinery  
  89  5:32  Refinery, SCV  
  88  5:37  Siege Tank  
  88  5:40  SCV  
  88  5:41  SCV  
  88  5:42  Supply Depot  
  93  5:43  Barracks Reactor, Factory Reactor  
  93  5:44  Barracks Reactor  
  93  5:54  Marine  
  93  5:58  Barracks  
  93  5:59  Barracks  
  93  6:02  SCV  
  93  6:03  SCV  
  89  6:08  SCV  
  89  6:10  Terran Infantry Armor Level 1, Terran Infantry Weapons Level 1  
  84  6:12  Marine  
  84  6:14  Siege Tank, SCV  
  84  6:16  Starport Reactor  
  84  6:17  SCV  
  82  6:20  SCV  
  77  6:26  SCV  
  77  6:27  Hellion x2, Combat Shield, Marine  
  77  6:28  Marine  
  77  6:29  SCV  
  77  6:30  Marine  
  77  6:31  Refinery, Marine  
  77  6:32  Supply Depot, SCV, Marine  
  89  6:38  SCV  
  90  6:40  Supply Depot  
  90  6:41  SCV  
  90  6:44  SCV  
  90  6:45  Marine  
  90  6:46  Siege Tank  
  96  6:47  Marine  
  96  6:48  Hellion x2  
  96  6:53  Supply Depot  
  96  6:54  SCV x2, Marine x4  
  107  6:56  SCV  
  107  6:59  Marine  
  107  7:01  Supply Depot, Barracks Reactor  
  109  7:03  Marine  
  109  7:04  Armory, Medivac  
  109  7:05  Marine  
  109  7:07  SCV  
  114  7:09  Supply Depot  
  114  7:10  Medivac  
  114  7:11  Marine  
  114  7:14  Marine  
  114  7:15  Hellion x2, Marine  
  123  7:17  Marine  
  123  7:18  Marine  
  123  7:21  Missile Turret  
  120  7:22  Marine  
  120  7:23  Missile Turret x2  
  120  7:24  Marine  
  120  7:27  Siege Tank  
  120  7:28  SCV  
  124  7:31  Marine  
  124  7:32  Supply Depot  
  124  7:34  Medivac, Marine  
  127  7:39  Marine  
  127  7:40  Medivac  
  127  7:42  Marine  
  131  7:47  Command Center  
  131  7:49  Marine  
  131  7:50  Marine  
  133  7:51  Marine  
  133  7:52  Marine  
  133  7:57  Marine x2  
  137  8:01  Supply Depot  
  135  8:08  Widow Mine  
  135  8:12  Widow Mine  
  145  8:18  Marine  
  145  8:19  Command Center, Marine  
  149  8:24  Supply Depot  
  149  8:25  Supply Depot  
Tags
 
Add a new tag
Caveats
  • Supply blocks, unpowered buildings, or Contaminate may cause inaccurate times.
  • Supply counts are checked every 10 seconds.